 Dungeon Crawl Stone Soup version 0.25-a0-356-g7c9d860b3b (webtiles) character file.

Game seed: 12709116583297333937, levelgen mode: deterministic

11456 Conn the Covert (level 11, -5/75 HPs)
             Began as an Octopode Wizard on Jan 3, 2020.
             Was an Elder of Sif Muna.
             Slain by a wraith (6 damage)
             ... led by Josephine
             ... on level 11 of the Dungeon.
             The game lasted 01:23:46 (15767 turns).

Conn the Covert (Octopode Wizard)                  Turns: 15767, Time: 01:23:46

Health: -5/75      AC:  8    Str: 14    XL:     11   Next: 78%
Magic:  13/22      EV: 15    Int: 20    God:    Sif Muna [****..]
Gold:   1210       SH:  2    Dex: 10    Spells: 3/25 levels left

rFire    + . .     SeeInvis +   a - +3 dagger (protect)
rCold    . . .     Gourm    .   (no shield)
rNeg     + . .     Faith    .   h - +0 hat
rPois    +         Spirit   .   y - +2 amulet of reflection
rElec    .         Reflect  +   n - ring of positive energy
rCorr    .         Harm     .   x - ring of protection from fire
MR       .....                  (no ring)
Stlth    +++++.....             (no ring)
HPRegen  0.22/turn              (no ring)
MPRegen  0.18/turn              (no ring)
                                (no ring)
                                (no ring)

@: mighty, protection aura, hasted, very quick
A: almost no armour, stealthy swim, amphibious, 8 rings, constrict 8, camouflage
1, see invisible, poison resistance, weak 1, gelatinous body 1
a: Channel Magic, Forget Spell, Divine Exegesis, Renounce Religion


You were on level 11 of the Dungeon.
You worshipped Sif Muna.
Sif Muna was greatly pleased with you.
You were not hungry.

You visited 2 branches of the dungeon, and saw 12 of its levels.

You collected 1210 gold pieces.

Inventory:

Hand Weapons
 a - a +3 dagger of protection (weapon)
 m - a +1 great sword
 q - a +2 falchion of freezing
 v - a +2 dagger of draining
Missiles
 t - 42 poisoned darts (quivered)
 A - 10 datura-tipped darts
Armour
 h - a +0 hat (worn)
 H - a +0 buckler
Magical Staves
 b - an uncursed staff of air
Jewellery
 e - an uncursed amulet of the gourmand
 n - a ring of positive energy (left tentacle)
 x - a ring of protection from fire (right tentacle)
 y - a +2 amulet of reflection (around mantle)
Wands
 j - a wand of iceblast (4)
 r - a wand of acid (9)
 s - a wand of polymorph (6)
 C - a wand of disintegration (14)
 E - a wand of enslavement (11)
 I - a wand of random effects (29)
Scrolls
 d - 10 scrolls of teleportation
 f - 4 scrolls of amnesia
 g - 15 scrolls of identify
 k - 6 scrolls of remove curse
 B - a scroll of fog
 F - a scroll of immolation
 G - a scroll of summoning {unknown}
Potions
 l - a potion of flight
 o - a potion of haste
 p - 2 potions of mutation
 u - a potion of might
 w - a potion of curing
 D - a potion of lignification
Comestibles
 c - 26 rations


   Skills:
 * Level 7.6 Fighting
 + Level 7.6 Short Blades
 + Level 0.7 Throwing
 + Level 5.6 Dodging
 - Level 9.1 Stealth
 + Level 0.1 Shields
 * Level 7.8 Spellcasting
 * Level 5.0 Conjurations
 + Level 0.2 Hexes
 + Level 4.2 Summonings
 * Level 2.3 Translocations
 + Level 0.1 Fire Magic
 + Level 4.5 Air Magic
 + Level 2.4 Poison Magic
 + Level 4.2 Invocations
 + Level 0.2 Evocations


You had 3 spell levels left.
You knew the following spells:

 Your Spells              Type           Power        Failure   Level  Hunger
a - Magic Dart            Conj           ####         1%          1    None
b - Blink                 Tloc           N/A          4%          2    None
c - Call Imp              Summ           ####....     2%          2    None
d - Slow                  Hex            #.......     12%         2    None
e - Mephitic Cloud        Conj/Pois/Air  ###.....     4%          3    None
f - Searing Ray           Conj           ####..       1%          2    None
g - Conjure Flame         Conj/Fire      ###.....     9%          3    None
h - Dazzling Flash        Conj/Hex       ###...       9%          3    None
i - Iskenderun's Mystic   Conj/Tloc      ###.....     19%         4    ###....

Your spell library contained the following spells:

 Spells                   Type           Power        Failure   Level  Hunger
 Fulminant Prism          Conj/Hex       ###.......   28%         4    ###....


Dungeon Overview and Level Annotations

Branches:
Dungeon (11/15)            Temple (0/1) D:5             Orc (1/2) D:9
   Lair: D:8-11

Altars:
Ashenzari
Dithmenos
Elyvilon
Fedhas
Gozag
Kikubaaqudgha
Makhleb
Okawaru
Sif Muna
Trog
Vehumet
Wu Jian
The Shining One

Shops:
Orc:1 *

Annotations:
D:11 Urug


Innate Abilities, Weirdness & Mutations

You cannot wear most types of armour.
You are very stealthy in the water. (Stealth+)
You are amphibious.
You can wear up to eight rings at the same time.
You can use your tentacles to constrict eight enemies at once.
Your skin changes colour to match your surroundings (Stealth+).
Your rubbery body absorbs attacks. (AC +1, EV +1)
You have supernaturally acute eyesight. (SInv)
Your system is resistant to poisons. (rPois)
You are weak. (Str -2)


Message History

Unknown command.
Okay, then.
Unknown command.
Unknown command.
Unknown command.
Casting: Dazzling Flash (safe; 9% risk of failure)
Confirm with . or Enter, or press ? or * to list all spells.
You blink.
A manticore, an orc priest and a wraith come into view.
The water engulfing you falls away.
The hound stops to sniff the water.
The hound is engulfed in noxious fumes.
The hound appears confused.
A worker ant comes into view.
The troll is engulfed in noxious fumes.
The troll appears confused.
Okay, then.
As you read the scroll of fog, it crumbles to dust.
The scroll dissolves into smoke.
An orc comes into view. It is wielding a +0 dagger.
The wraith hits you.
You die...

....##.......o55....
#.##........##.###)....#
.....#..##..#.## ##...##
.....#....###. #..(#
..........# ## #...#
.......h.W### #.......
≈≈..≈≈.E°...# #.o.......
≈≈≈...§Wh)°T##..........
≈≈≈h≈.§@#†..##....##.###
≈≈≈≈oW§§#..##....# ##
≈≈≈...§....##....
≈≈.≈≈....o.###...
.h≈;≈......#
≈≈≈≈≈≈......
aoH≈≈≈≈.....#
oW≈≈≈≈≈.....#
≈≈≈≈≈.....#


You could see a manticore, a water elemental, a troll (confused), 4 wraiths, an
orc warrior, a wolf (confused), 3 hounds, a worker ant, an electric eel, an orc
priest, an orc wizard and an orc.

Vanquished Creatures
  3 two-headed ogres
  An unseen horror (D:10)
  Maurice (D:11)
  2 gargoyles
  A hippogriff (D:10)
  A water elemental (D:11)
  Eustachio (D:5)
  10 yaks
  A human (D:7)
  3 hogs (D:7)
  The ghost of Tarias the Poker, an amateur MfSk of Okawaru (D:4)
  2 hungry ghosts
  2 ice beasts
  8 orc warriors
  5 black bears
  4 phantoms
  8 centaurs
  7 ogres
  A wolf (D:11)
  A crocodile (D:8)
  4 bullfrogs
  A water moccasin zombie (D:9)
  5 scorpions
  A water moccasin skeleton (D:4)
  3 killer bees (D:9)
  2 troll zombies (D:9)
  4 howler monkeys
  4 wights (D:8)
  2 crimson imps
  2 centaur zombies
  A quasit (D:7)
  2 bullfrog skeletons
  5 hounds
  2 centaur skeletons
  7 orc priests
  11 orc wizards
  Jessica (D:2)
  8 worker ants
  A killer bee zombie (D:9)
  4 ogre zombies (D:9)
  2 hound skeletons
  Robin (D:3)
  A worker ant zombie (D:7)
  10 adders
  2 shadow imps
  2 oozes
  2 adder zombies
  3 worms
  9 leopard geckos
  40 orcs
  7 giant cockroaches
  12 goblins
  7 hobgoblins
  13 jackals
  7 kobolds
  2 quokkas
  6 bats
  5 frilled lizards
  2 goblin skeletons (D:9)
  3 goblin zombies (D:9)
  2 hobgoblin skeletons (D:9)
  A hobgoblin zombie (D:9)
  A jackal skeleton (D:6)
  2 orc skeletons (D:9)
  9 orc zombies (D:9)
  2 quokka skeletons
  10 rats
296 creatures vanquished.

Vanquished Creatures (collateral kills)
  A troll (D:4)
  An ice beast (D:6)
  An orc wizard (D:3)
  Ijyb (D:3)
  3 orcs
  A hobgoblin (D:3)
  A frilled lizard (D:3)
9 creatures vanquished.

Vanquished Creatures (others)
  A hound (D:11)
1 creature vanquished.

Grand Total: 306 creatures vanquished

Notes
Turn   | Place    | Note
-------+----------+-------------------------------------------
     0 | D:1      | Conn the Octopode Wizard began the quest for the Orb.
     0 | D:1      | Reached XP level 1. HP: 11/11 MP: 4/4
   212 | D:1      | Reached XP level 2. HP: 9/17 MP: 0/6
  1182 | D:2      | Noticed Jessica
  1200 | D:1      | Learned a level 2 spell: Blink
  1203 | D:1      | Learned a level 2 spell: Call Imp
  1206 | D:1      | Learned a level 2 spell: Slow
  1310 | D:2      | Reached skill level 1 in Fighting
  1358 | D:2      | Reached XP level 3. HP: 23/23 MP: 3/7
  1362 | D:2      | Reached skill level 3 in Stealth
  2267 | D:2      | Killed Jessica
  2267 | D:2      | Reached skill level 1 in Short Blades
  2355 | D:3      | Noticed Robin
  2375 | D:3      | Reached XP level 4. HP: 28/28 MP: 9/9
  2379 | D:3      | Killed Robin
  2655 | D:3      | Reached XP level 5. HP: 16/33 MP: 2/10
  2906 | D:3      | Found a shimmering blue altar of Sif Muna.
  2917 | D:3      | Became a worshipper of Sif Muna the Loreminder
  3181 | D:3      | Noticed Ijyb
  3220 | D:3      | Killed Ijyb
  3366 | D:3      | Found a blossoming altar of Fedhas.
  3418 | D:4      | Found a runed translucent gate.
  3422 | D:4      | Found a runed translucent gate.
  3423 | D:4      | Found a runed translucent gate.
  3424 | D:4      | Found an opulent altar of Gozag.
  3425 | D:4      | Noticed Tarias's ghost (amateur MfSk)
  3425 | D:4      | Noticed a troll
  3439 | D:4      | Learned a level 3 spell: Mephitic Cloud
  3547 | D:4      | Reached skill level 4 in Stealth
  3633 | D:4      | Reached XP level 6. HP: 41/41 MP: 11/11
  3985 | D:4      | Found an ornate altar of the Wu Jian Council.
  4184 | D:4      | Found a burning altar of Makhleb.
  4351 | D:5      | Entered Level 5 of the Dungeon
  4380 | D:5      | Noticed a phantom
  4408 | D:5      | Killed a phantom
  4408 | D:5      | Reached XP level 7. HP: 31/46 MP: 1/12
  4580 | D:5      | Found an iron altar of Okawaru.
  4585 | D:5      | Noticed Eustachio
  4616 | D:5      | Reached skill level 5 in Stealth
  4684 | D:5      | Found a staircase to the Ecumenical Temple.
  5000 | D:6      | Learned a level 2 spell: Searing Ray
  5309 | D:6      | Reached * piety under Sif Muna
  5476 | D:6      | HP: 2/46 [ice beast (9)]
  5667 | D:6      | Reached skill level 6 in Stealth
  5667 | D:6      | Reached XP level 8. HP: 14/54 MP: 7/13
  6636 | D:6      | Found a white marble altar of Elyvilon.
  6645 | D:6      | Reached skill level 1 in Air Magic
  7253 | D:7      | Reached XP level 9. HP: 59/59 MP: 12/15
  7281 | D:7      | Found an ancient bone altar of Kikubaaqudgha.
  7349 | D:7      | Reached skill level 1 in Poison Magic
  7436 | D:7      | Found a bloodstained altar of Trog.
  7461 | D:7      | Reached skill level 5 in Short Blades
  7573 | D:7      | Reached ** piety under Sif Muna
  8005 | D:7      | Reached skill level 5 in Fighting
  8328 | D:5      | Killed Eustachio
  8682 | D:5      | Reached skill level 5 in Spellcasting
  8857 | D:5      | Found a shattered altar of Ashenzari.
  9299 | D:7      | Reached skill level 7 in Stealth
  9345 | D:7      | Reached XP level 10. HP: 48/66 MP: 7/18
  9778 | D:4      | Learned a level 3 spell: Conjure Flame
  9782 | D:4      | Learned a level 3 spell: Dazzling Flash
  9801 | D:4      | Gained mutation: You are weak. (Str -2) [potion of
                  | mutation]
  9801 | D:4      | Gained mutation: You have supernaturally acute eyesight.
                  | (SInv) [potion of mutation]
  9801 | D:4      | Gained mutation: Your system is resistant to poisons.
                  | (rPois) [potion of mutation]
  9894 | D:4      | Killed Tarias's ghost
 10187 | D:8      | Noticed a two-headed ogre
 10264 | D:8      | Killed a two-headed ogre
 10264 | D:8      | Reached skill level 1 in Invocations
 11025 | D:8      | Reached *** piety under Sif Muna
 11227 | D:8      | Found a glowing golden altar of the Shining One.
 11508 | D:8      | Found a shadowy altar of Dithmenos.
 11605 | D:8      | Found a radiant altar of Vehumet.
 12072 | D:9      | Reached XP level 11. HP: 43/74 MP: 14/21
 12554 | D:9      | Reached skill level 8 in Stealth
 12641 | D:9      | Reached **** piety under Sif Muna
 12890 | D:9      | Reached skill level 5 in Dodging
 13078 | D:9      | Found a staircase to the Orcish Mines.
 13410 | D:10     | Entered Level 10 of the Dungeon
 13742 | D:9      | Learned a level 4 spell: Iskenderun's Mystic Blast
 14032 | D:10     | Noticed a two-headed ogre
 14050 | D:10     | Reached skill level 9 in Stealth
 14052 | D:10     | Killed a two-headed ogre
 14283 | D:10     | Noticed an unseen horror
 14290 | D:10     | Killed an unseen horror
 14388 | D:10     | Noticed a two-headed ogre
 14412 | D:10     | Killed a two-headed ogre
 15043 | Orc:1    | Entered Level 1 of the Orcish Mines
 15043 | Orc:1    | Found Cici's Assorted Antiques.
 15043 | Orc:1    | Noticed an orc knight
 15051 | Orc:1    | Noticed an orc knight
 15395 | D:11     | Noticed Maurice
 15397 | D:11     | Noticed Urug
 15403 | D:11     | Killed Maurice
 15765 | D:11     | Reached skill level 5 in Conjurations
 15765 | D:11     | HP: 1/75 [electric eel/bolt of electricity (14)]
 15766 | D:11     | Noticed a manticore
 15767 | D:11     | Slain by a wraith

Levels and vault maps discovered:
D:1:      evilmike_arrival_plus, layout_loops_corners
D:2:      layout_loops_ring, minmay_increasing_density, uniq_jessica
D:3:      layout_basic, tgw_sif, fedhas_altar_4, uniq_robin, uniq_ijyb
D:4:      layout_basic, lemuel_crystal_altar, lightli_temple_of_fire,
          first_ration, ebering_ghost_gozag
D:5:      layout_loops_ring, overflow_temple_1_default, okawaru_gym_becter,
          minmay_temple_entry_mist, grunt_tough_drop, uniq_eustachio
D:6:      minmay_polygon_palace, layout_loops_corners, elyvilon_altar_5
D:7:      layout_cave_pools, trog_ov_bears_minmay, kiku_gazebo_pond_becter,
          grunt_livestock
D:8:      layout_loops_ring, kennysheep_mini, lemuel_coloured_pillars_altar,
          marbit_many_paths
D:9:      layout_roguey, zombieorc1_lemuel, grunt_decor_one_mirror,
          minmay_stone_trees_medium
D:10:     layout_cave_pods
D:11:     minmay_wavy_crystal, layout_cave_pools, erik_lair_island, serial_park,
          serial_park_tiny_1, uniq_josephine, uniq_urug, uniq_erica,
          uniq_maurice
Orc:1:    layout_caves, serial_shops, shop

Skill      XL: |  1  2  3  4  5  6  7  8  9 10 11 |
---------------+----------------------------------+-----
Fighting       | 1 2 3 4 5 6 7 |  7.6
Stealth        | 3 4 6 7 9 |  9.1
Short Blades   | 1 2 3 4 6 7 |  7.6
Dodging        | 3 4 5 |  5.6
Conjurations   | 2 3 4 5 |  5.0
Summonings     | 2 3 4 |  4.2
Air Magic      | 1 3 4 |  4.5
Spellcasting   | 4 5 6 7 |  7.8
Poison Magic   | 1 2 |  2.4
Invocations    | 3 4 |  4.2
Translocations | 2 |  2.3
Throwing       | |  0.7
Shields        | |  0.1
Hexes          | |  0.2
Fire Magic     | |  0.1
Evocations     | |  0.2

Action                   |  1- 3 |  4- 6 |  7- 9 | 10-12 || total
-------------------------+-------+-------+-------+-------++-------
Melee: Unarmed           |    13 |    23 |       |       ||    36
       Constrict         |    10 |    23 |    47 |    56 ||   136
       Tentacles         |     6 |    16 |    52 |    79 ||   153
       Dagger            |    54 |   110 |   256 |   500 ||   920
Throw: Dart              |     4 |       |     4 |     5 ||    13
 Cast: Magic Dart        |    32 |    41 |    39 |    44 ||   156
       Slow              |     3 |       |       |       ||     3
       Call Imp          |     2 |    13 |    19 |    18 ||    52
       Blink             |     1 |       |     5 |     9 ||    15
       Searing Ray       |       |       |    14 |    38 ||    52
       Mephitic Cloud    |       |       |    19 |    30 ||    49
       Conjure Flame     |       |       |       |     7 ||     7
       Dazzling Flash    |       |       |       |     3 ||     3
Invok: Channel Magic     |       |       |       |     2 ||     2
Evoke: Wand              |       |       |       |     3 ||     3
  Use: Potion            |     6 |     2 |     4 |    12 ||    24
       Scroll            |       |     9 |     5 |     5 ||    19
 Stab: Sleeping          |     5 |     5 |    10 |    12 ||    32
       Invisible         |       |     2 |       |       ||     2
       Distracted        |       |     1 |     1 |       ||     2
       Confused          |       |       |     6 |    14 ||    20
  Eat: Chunk             |     5 |     6 |    15 |    10 ||    36
       Ration            |       |       |     2 |     4 ||     6
Armor: Skin              |    16 |    10 |    56 |   112 ||   194
Dodge: Dodged            |    73 |    78 |   173 |   226 ||   550
Block: Other             |       |       |     1 |    25 ||    26
       Reflection        |       |       |       |     1 ||     1

Table legend:
 A = Non-vault XP
 B = Vault XP
 C = Vault XP percentage of total XP
 D = Non-vault monster count
 E = Vault monster count
 F = Vault count percentage of total count
                 A         B        C        D         E       F
            +---------+---------+-------+---------+---------+-------
      Total |   12546 |    3821 |  23.3 |     228 |      77 |  25.2
            +---------+---------+-------+---------+---------+-------
        D:1 |      26 |       0 |   0.0 |      16 |       0 |   0.0
        D:2 |      16 |      33 |  67.3 |       9 |       7 |  43.8
        D:3 |      77 |     102 |  57.0 |      29 |      14 |  32.6
        D:4 |     227 |     460 |  67.0 |       9 |       3 |  25.0
        D:5 |     966 |     230 |  19.2 |      25 |       5 |  16.7
        D:6 |     456 |     514 |  53.0 |      11 |       9 |  45.0
        D:7 |    1028 |    1116 |  52.1 |      31 |       7 |  18.4
        D:8 |    2359 |     130 |   5.2 |      32 |       1 |   3.0
        D:9 |    2453 |     690 |  22.0 |      36 |      28 |  43.8
       D:10 |    4167 |       0 |   0.0 |      18 |       0 |   0.0
       D:11 |     621 |     546 |  46.8 |       3 |       3 |  50.0
      Orc:1 |     150 |       0 |   0.0 |       9 |       0 |   0.0
            +---------+---------+-------+---------+---------+-------
